 Dungeon Sprint DCSS version 0.31.0-12-g77e489cdc1 (webtiles) character file.

Game seed: 1598202567946977229

224 Heoruswealwe the Spear-Bearer (level 5, -2/53 HPs)
             Began as a Minotaur Fighter on Feb 23, 2024.
             Was an Initiate of Gozag.
             Slain by a troll (5 damage)
             ... in the Dungeon (Sprint IX: "|||||||||||||||||||||||||||||").
             The game lasted 00:00:59 (101 turns).

Heoruswealwe the Spear-Bearer (Minotaur Fighter)     Turns: 101, Time: 00:00:59

Health: -2/53      AC:  8    Str: 22    XL:     5   Next: 67%
Magic:  4/4        EV:  9    Int:  5    God:    Gozag
Gold:   0          SH:  4    Dex: 10    Spells: 4/4 levels left

rFire   . . .        a - +0 trident
rCold   . . .        d - +0 buckler
rNeg    . . .        c - +0 scale mail
rPois   .            (helmet restricted)
rElec   .            (no cloak)
rCorr   .            (no gloves)
SInv    .            (no boots)
Will    .....        (no amulet) Stlth
                     (no ring)
HPRegen 0.28/turn    (no ring)
MPRegen 0.09/turn

%: no teleportation
@: gold aura
A: horns 2, retaliatory headbutt
a: Renounce Religion, Potion Petition, Call Merchant, Bribe Branch


You were in the Dungeon.
You worshipped Gozag.
Gozag was noncommittal.
You visited 1 branch

Inventory:

Hand Weapons
 a - a +0 trident (weapon)
Armour
 c - a +0 scale mail (worn)
 d - a +0 buckler (worn)
Jewellery
 k - a +3 ring of dexterity
 l - a +2 ring of evasion
Wands
 h - a wand of quicksilver (10)
Scrolls
 j - 2 scrolls of blinking
Potions
 b - a potion of might
 e - 4 potions of curing
 f - 3 potions of heal wounds
 g - a potion of haste
 i - a potion of berserk rage


   Skills:
 + Level 7.9 Fighting
 * Level 10.3 Polearms
 + Level 7.9 Armour
 - Level 3.6 Shields


You had 4 spell levels left.
You didn't know any spells.
Your spell library was empty.

Dungeon Overview and Level Annotations

Branches:
Dungeon (1/1)

Altars:
Cheibriados
Dithmenos
Elyvilon
Fedhas
Gozag
Hepliaklqana
Kikubaaqudgha
Makhleb
Nemelex Xobeh
Okawaru
Qazlal
Ru
Sif Muna
Trog
Uskayaw
Vehumet
Wu Jian
Xom
Yredelemnul
Zin
The Shining One
Jiyva
Lugonu


Innate Abilities, Weirdness & Mutations

You have a pair of horns on your head.
You reflexively headbutt those who attack you in melee.


Message History

Okay, then.
Unknown command.
You see here a +0 pair of boots.
You see here a +0 helmet.
You see here a +2 ring mail.
k - a +3 ring of dexterity
l - a +2 ring of evasion You open the door.
An acid dragon, a komodo dragon, 2 trolls and an orc warrior come into view.
The troll shouts!
The komodo dragon hisses angrily.
The troll shouts!
The orc warrior shouts!
You hit the acid dragon but do no damage.
The acid dragon bites you.
The acid dragon claws you but does no damage.
You hit the acid dragon.
The acid dragon is lightly wounded.
The acid dragon bites you. The acid dragon closely misses you.
You hit the acid dragon. You headbutt the acid dragon.
The acid dragon is moderately wounded.
The acid dragon barely misses you.
The acid dragon claws you but does no damage.
You puncture the acid dragon! Your headbutt misses the acid dragon.
The acid dragon is severely wounded.
The acid dragon spits acid at you. The splash of acid hits you!!
* * * LOW HITPOINT WARNING * * *
You puncture the acid dragon!
You kill the acid dragon!
Your Fighting skill increases to level 7!
Your Polearms skill gained 2 levels and is now at level 10!
Your Armour skill increases to level 7!
You have reached level 5!
You puncture the troll!
You headbutt the troll, but do no damage.
The troll is moderately wounded.
You barely miss the troll. Your headbutt misses the troll.
The troll is moderately wounded.
The troll closely misses you. The troll barely misses you. The troll claws you.
You die...
Your body crumbles into a pile of gold. ▓▓▓▓▓▓▓▓▓▓▓▓▓▓▓▓▓▓▓▓▓▓▓▓ _______'!?).[[[.@TlT.o{. ▓▓▓▓▓▓▓▓▓▓▓▓▓▓▓▓▓▓▓▓▓▓▓▓

You could see a komodo dragon, 2 trolls and an orc warrior.

Vanquished Creatures
  An acid dragon (D)
  A scorpion (D)
  A howler monkey (D)
  An adder (D)
  An ufetubus (D)
  An orc (D)
  A goblin (D)
  2 bats (D)
  A frilled lizard (D)
  A rat (D)
11 creatures vanquished.

Notes
Turn   | Place    | Note
-------+----------+-------------------------------------------
     0 | D        | Heoruswealwe the Minotaur Fighter began the quest for the
                  | Orb.
     0 | D        | Reached XP level 1. HP: 19/19 MP: 0/0
     6 | D        | Reached skill level 3 in Polearms
    18 | D        | Noticed a scorpion
    18 | D        | Noticed a howler monkey
    31 | D        | Killed a scorpion
    32 | D        | Reached skill level 5 in Fighting
    32 | D        | Reached skill level 6 in Polearms
    32 | D        | Reached skill level 5 in Armour
    32 | D        | Reached XP level 2. HP: 13/30 MP: 1/1
    32 | D        | Reached XP level 3. HP: 16/37 MP: 2/2
    35 | D        | Reached skill level 7 in Polearms
    35 | D        | Reached XP level 4. HP: 17/45 MP: 3/3
    38 | D        | Reached skill level 8 in Polearms
    50 | D        | Found a snail-covered altar of Cheibriados.
    50 | D        | Found a shadowy altar of Dithmenos.
    50 | D        | Found a white marble altar of Elyvilon.
    50 | D        | Found a blossoming altar of Fedhas.
    50 | D        | Found an opulent altar of Gozag.
    51 | D        | Found a hazy altar of Hepliaklqana.
    52 | D        | Found a viscous altar of Jiyva.
    53 | D        | Found an ancient bone altar of Kikubaaqudgha.
    54 | D        | Found a corrupted altar of Lugonu.
    55 | D        | Found a burning altar of Makhleb.
    56 | D        | Found a sparkling altar of Nemelex Xobeh.
    57 | D        | Found an iron altar of Okawaru.
    58 | D        | Became a worshipper of Gozag Ym Sagoz the Greedy
    59 | D        | Found a stormy altar of Qazlal.
    60 | D        | Found a sacrificial altar of Ru.
    61 | D        | Found a shimmering blue altar of Sif Muna.
    62 | D        | Found a bloodstained altar of Trog.
    63 | D        | Found a hide-covered altar of Uskayaw.
    64 | D        | Found a radiant altar of Vehumet.
    65 | D        | Found an ornate altar of the Wu Jian Council.
    66 | D        | Found a shimmering altar of Xom.
    67 | D        | Found a basalt altar of Yredelemnul.
    68 | D        | Found a glowing silver altar of Zin.
    69 | D        | Found a glowing golden altar of the Shining One.
    94 | D        | Noticed an acid dragon
    94 | D        | Noticed a troll
    94 | D        | Noticed a komodo dragon
    94 | D        | Noticed a troll
    94 | D        | Noticed an orc warrior
    98 | D        | HP: 2/45 [acid dragon/splash of acid (20)]
    99 | D        | Killed an acid dragon
   100 | D        | Reached skill level 10 in Polearms
   100 | D        | Reached XP level 5. HP: 3/53 MP: 4/4
   101 | D        | Slain by a troll

Illustrated notes

Levels and vault maps discovered:
D:        linesprint [early_d, line_temple, items_1, d_10, items_2, lair_1,
          lair_end, items_3, orc_1, orc_end, items_4, d_15, swamp_1, shoals_1,
          snake_1, spider_1, d_20, vaults_1, items_5, swamp_end, shoals_end,
          snake_end, spider_end, vaults_end, d_27, items_6, zot_1, zot_end,
          crypt_end, forest_end, elf_end, slime_end, tomb_end, abyss_end,
          pan_hell_end]

Skill      XL: |  1  2  3  4 |
---------------+-------------+-----
Polearms       | 6 7 10 | 10.3
Fighting       | 5 6 7 |  7.9
Armour         | 5 6 7 |  7.9
Shields        | |  3.6

Action                     |  1- 3 |  4- 6 || total
---------------------------+-------+-------++-------
  Melee: Trident           |    20 |    14 ||    34
         Headbutt          |     3 |     2 ||     5
    Use: Potion            |     1 |       ||     1
 Armour: Scale mail        |    14 |    11 ||    25
  Dodge: Dodged            |     5 |    11 ||    16
  Block: Buckler           |     2 |     4 ||     6
